Map: [ESL] Hard Lead

Players

Vindicta

  • Race: Terran Terran
  • Spawn Location: 11:00

Elazer - Winner!

  • Race: Zerg Zerg
  • Spawn Location: 5:00

Event: ESL SC2 Masters 2023 Winter (Finals)

VOD

Have the link to the VOD?

Description

Time

  • Played on: Dec. 15, 2023, 3:40 p.m.
  • Length: 20:38

All games in this series

Show
View Real Time Build Order
Export as new Build Order

Vindicta Terran 

Build Orders: Reaper Expand, Hellion Banshee 

Get SALT Encoding   

  12  0:00  SCV  
  13  0:12  SCV  
  14  0:17  Supply Depot  
  14  0:24  SCV  
  15  0:38  SCV  
  15  0:40  Barracks  
  16  0:43  Refinery  
  16  0:50  SCV  
  17  1:03  SCV  
  18  1:15  SCV  
  19  1:28  Orbital Command, Reaper  
  20  1:39  Command Center  
  20  1:50  Supply Depot  
  20  1:53  SCV  
  21  2:00  Marine  
  22  2:05  SCV  
  22  2:08  Factory  
  23  2:17  SCV  
  23  2:20  Barracks Reactor  
  24  2:29  SCV  
  25  2:42  SCV  
  25  2:43  Command Center  
  26  2:53  Orbital Command  
  26  2:54  SCV  
  27  3:04  Starport  
  27  3:06  SCV  
  28  3:14  Refinery  
  28  3:15  Hellion  
  28  3:18  SCV  
  33  3:20  Hellion  
  33  3:22  SCV  
  33  3:24  Barracks Tech Lab  
  34  3:34  SCV  
  35  3:36  Hellion  
  35  3:37  SCV  
  40  3:41  Hellion  
  40  3:46  SCV  
  41  3:49  Banshee, SCV  
  45  3:58  SCV  
  45  4:00  Cloaking Field  
  45  4:01  Orbital Command  
  45  4:02  SCV  
  46  4:03  Hellion  
  46  4:06  Hellion  
  50  4:10  SCV  
  50  4:11  Barracks Tech Lab  
  50  4:14  SCV  
  52  4:22  SCV  
  53  4:25  Supply Depot  
  53  4:26  SCV  
  53  4:30  Orbital Command  
  54  4:34  Banshee, SCV  
  54  4:38  Barracks, SCV  
  58  4:39  Barracks  
  58  4:43  Refinery  
  58  4:45  Refinery  
  59  4:46  SCV  
  59  4:48  Stimpack  
  59  4:49  Supply Depot  
  59  4:50  SCV  
  59  4:51  Factory Reactor  
  61  4:55  SCV  
  61  4:58  SCV  
  63  5:01  Engineering Bay  
  63  5:02  Engineering Bay  
  63  5:03  SCV  
  64  5:07  SCV  
  64  5:08  Marine, Supply Depot  
  64  5:10  SCV  
  67  5:15  SCV  
  67  5:19  SCV  
  69  5:22  Barracks, SCV  
  69  5:23  Barracks  
  69  5:27  Terran Infantry Weapons Level 1, SCV  
  69  5:28  Starport Reactor, Terran Infantry Armor Level 1  
  72  5:31  SCV, Marine  
  72  5:35  SCV  
  74  5:36  Supply Depot  
  74  5:37  Marine x2  
  74  5:39  SCV  
  77  5:43  Siege Tank  
  77  5:44  SCV  
  77  5:45  Marine  
  77  5:46  Marine  
  77  5:47  SCV  
  77  5:49  Marine  
  85  5:50  Supply Depot  
  85  5:58  Supply Depot, SCV x2  
  85  6:00  Marine x2  
  85  6:03  SCV  
  90  6:05  Marine  
  90  6:08  Medivac  
  93  6:11  Barracks Reactor x2, Medivac  
  93  6:12  SCV  
  93  6:13  SCV  
  93  6:15  Supply Depot, SCV  
  93  6:16  Marine x2, Refinery  
  93  6:17  Marine  
  101  6:20  Marine  
  101  6:22  Marine  
  101  6:25  Armory  
  103  6:26  SCV x2  
  103  6:27  Combat Shield  
  103  6:30  Factory  
  103  6:32  SCV  
  106  6:34  Marine  
  106  6:39  Supply Depot  
  107  6:42  SCV  
  107  6:43  Command Center  
  107  6:46  Marine  
  111  6:48  SCV x2  
  111  6:51  Marine x2  
  111  6:53  Marine x2  
  111  6:54  SCV  
  116  6:57  Barracks Reactor  
  116  7:00  Siege Tank, SCV  
  120  7:02  Supply Depot  
  120  7:03  Marine  
  120  7:04  Supply Depot  
  121  7:10  Marine  
  121  7:11  Marine  
  121  7:12  Drilling Claws  
  125  7:17  Marine x2  
  125  7:23  Medivac x2, Supply Depot  
  125  7:24  Widow Mine x2  
  125  7:26  Supply Depot  
  125  7:27  Marine  
  125  7:29  Marine  
  134  7:33  Hellion  
  134  7:34  Terran Infantry Weapons Level 2  
  134  7:37  Marine x2  
  135  7:43  Barracks  
  136  7:45  Barracks  
  136  7:47  Marine  
  136  7:48  Marine  
  136  7:49  Marine  
  139  7:52  Widow Mine x2  
  139  7:54  Widow Mine  
  139  7:57  Marine x3  
  148  8:00  Marine  
  148  8:04  Barracks  
  148  8:05  SCV  
  153  8:09  Marine  
  153  8:11  Medivac  
  156  8:14  Widow Mine x2  
  156  8:16  Siege Tank  
  156  8:17  Terran Vehicle Weapons Level 1  
  156  8:18  Supply Depot  
  156  8:19  Marine  
  161  8:25  Marauder  
  161  8:26  Marine x3  
  163  8:28  Planetary Fortress  
  163  8:30  SCV  
  163  8:32  Barracks Tech Lab  
  163  8:33  Barracks Tech Lab  
  161  8:37  Sensor Tower  
  161  8:39  Liberator  
  161  8:40  SCV  
  165  8:44  Terran Infantry Armor Level 2  
  165  8:46  Marauder  
  167  8:51  Liberator  
  170  8:57  Marine x2, Marauder  
  170  8:58  Marine, Marauder  
  170  8:59  Marine x3  
  177  9:08  Refinery  
  177  9:09  SCV, Refinery x2  
  176  9:10  Marauder  
  176  9:11  Marine x2  
  176  9:12  Marine  
  179  9:18  Marauder  
  179  9:19  Marauder  
  179  9:22  Medivac  
  181  9:28  Marine x2  
  181  9:30  SCV  
  183  9:31  Supply Depot, Marauder  
  183  9:33  Supply Depot  
  183  9:37  Widow Mine  
  183  9:38  Marine  
  183  9:39  Marauder  
  183  9:41  Marauder  
  183  9:44  Marine  
  184  9:50  Marine x2  
  187  9:53  Terran Infantry Weapons Level 3, Marauder  
  187  9:55  Marine  
  187  9:56  Siege Tank  
  187  9:59  Marine x3  
  164  10:01  Marauder  
  164  10:02  Marauder  
  164  10:03  Hellion, Widow Mine  
  164  10:05  Marine x2  
  167  10:07  Marine  
  167  10:08  Medivac x2  
  167  10:12  SCV  
  175  10:14  Marauder  
  175  10:15  SCV  
  175  10:17  Command Center, Marine x2  
  171  10:22  Marauder  
  171  10:23  Marauder  
  171  10:25  Marine  
  171  10:26  Marine  
  177  10:28  Marine  
  177  10:31  Widow Mine  
  182  10:35  Marauder  
  182  10:39  Barracks Tech Lab  
  182  10:41  Medivac x2  
  183  10:43  Marauder  
  183  10:45  Marauder  
  183  10:47  Siege Tank, Widow Mine  
  192  10:50  SCV  
  192  10:52  Widow Mine  
  192  10:57  Marauder  
  192  11:00  Marauder  
  193  11:05  Marauder  
  193  11:06  Marauder  
  193  11:09  Terran Infantry Armor Level 3, Widow Mine  
  193  11:11  Marine x3  
  193  11:14  Widow Mine  
  193  11:18  Marauder  
  198  11:19  Widow Mine  
  200  11:25  Command Center  
  200  11:29  Command Center  
  200  11:31  Widow Mine  
  200  11:36  Marauder  
  200  11:37  Widow Mine  
  181  11:41  Widow Mine  
  181  11:44  Marauder  
  184  11:48  Marauder  
  184  11:51  Marauder  
  184  11:53  Widow Mine  
  184  11:54  Terran Vehicle Weapons Level 2  
  190  11:55  Fusion Core  
  190  11:57  Marauder  
  190  11:59  Widow Mine  
  194  12:02  Widow Mine  
  194  12:05  Marine  
  194  12:06  Marauder, Marine  
  198  12:10  Marauder  
  199  12:22  Marauder  
  199  12:29  Medivac  
  196  12:30  Neosteel Armor  
  196  12:31  Marauder x2  
  196  12:32  Ghost Academy  
  196  12:35  Marauder  
  189  12:42  Marine  
  176  12:44  Marauder  
  176  12:45  Widow Mine  
  176  12:47  Medivac  
  168  12:52  Marauder x2  
  168  12:54  Marine  
  168  12:55  Marine x2  
  168  12:56  Marauder, Widow Mine  
  162  12:59  Orbital Command, Medivac, Marine x4  
  162  13:00  Marine  
  162  13:03  Personal Cloaking, Advanced Ballistics  
  162  13:05  Marauder  
  165  13:07  SCV  
  165  13:08  Starport  
  165  13:10  Fusion Core  
  165  13:12  Marine  
  166  13:13  Marauder, Marine x2  
  166  13:14  Marauder  
  166  13:17  Marine x4  
  166  13:18  Marauder  
  179  13:22  Marine  
  179  13:23  Orbital Command  
  179  13:27  Liberator, Missile Turret, Marauder  
  180  13:30  Marine  
  180  13:31  SCV  
  180  13:32  Supply Depot  
  185  13:35  Marauder  
  185  13:38  Marine x2  
  185  13:39  Marauder  
  192  13:42  SCV x2  
  192  13:45  Starport Reactor  
  192  13:48  Marauder  
  194  13:53  Liberator  
  194  13:55  Orbital Command  
  178  14:05  Marauder x3  
  178  14:07  Marine  
  178  14:08  Marine  
  178  14:09  Marauder  
  168  14:10  Liberator  
  168  14:13  SCV  
  168  14:23  SCV  
  166  14:26  Marauder x2  
  166  14:27  Caduceus Reactor  
  166  14:28  SCV x2  
  166  14:31  Marauder  
  176  14:32  Liberator  
  176  14:35  Liberator, SCV x3  
  176  14:38  Liberator  
  184  14:39  Marauder  
  184  14:40  SCV x2  
  188  14:48  Marauder  
  188  14:49  Marauder  
  188  14:50  Marine  
  188  14:52  Marauder  
  195  14:53  Liberator  
  191  15:00  Orbital Command  
  191  15:05  Sensor Tower  
  188  15:07  Ghost  
  188  15:08  SCV x2  
  174  15:14  Liberator  
  174  15:18  Liberator, Marine  
  174  15:19  Marine, Marauder  
  174  15:20  Liberator, Marauder x2  
  165  15:24  SCV  
  165  15:25  Planetary Fortress  
  163  15:37  SCV, Widow Mine  
  163  15:39  SCV  
  163  15:40  SCV  
  161  15:43  SCV  
  161  15:46  Orbital Command  
  161  15:47  Widow Mine x2  
  165  15:50  SCV  
  165  15:58  Widow Mine  
  163  16:08  SCV, Widow Mine x2  
  164  16:11  SCV  
  164  16:12  SCV  
  164  16:14  SCV x3  
  167  16:20  SCV, Widow Mine  
  167  16:22  Marauder x2  
  167  16:24  Liberator x2  
  175  16:29  Widow Mine  
  177  16:35  Ghost  
  177  16:37  Widow Mine  
  178  16:41  Widow Mine  
  178  16:43  Marine x2  
  178  16:44  Marauder x2  
  183  16:51  Widow Mine  
  180  16:58  Widow Mine, Marine  
  163  17:02  Widow Mine  
  163  17:03  Marine x2  
  163  17:05  Marauder, Marine  
  155  17:10  SCV x2  
  155  17:12  Widow Mine  
  155  17:17  Medivac  
  155  17:20  Widow Mine  
  155  17:21  SCV x3  
  163  17:24  Widow Mine  
  163  17:26  Ghost  
  161  17:30  Marine x3  
  161  17:35  Missile Turret, SCV x3  
  161  17:36  SCV x2  
  167  17:41  Marine  
  167  17:42  Marauder x2  
  172  17:45  Marine  
  172  17:48  Marine  
  172  17:49  Liberator  
  177  17:52  Liberator x2  
  177  17:57  Marauder  
  185  17:58  Widow Mine  
  185  18:00  SCV  
  185  18:05  Orbital Command, Marauder  
  188  18:06  Marauder  
  188  18:08  Widow Mine  
  188  18:10  SCV  
  187  18:14  Marine  
  187  18:16  Marine  
  187  18:18  Liberator, Marauder  
  192  18:22  SCV  
  192  18:25  Ghost  
  193  18:27  Terran Vehicle And Ship Armor Level 1  
  193  18:28  Ghost  
  193  18:29  Missile Turret  
  193  18:30  Sensor Tower, SCV  
  193  18:31  SCV  
  193  18:34  SCV x2  
  194  18:36  SCV  
  194  18:37  Supply Depot  
  194  18:39  Liberator  
  197  18:42  Liberator  
  197  18:47  Ghost  
  193  18:58  Ghost  
  184  19:09  Ghost  
  186  19:18  Ghost  
  186  19:22  Marauder  
  186  19:23  Widow Mine x2  
  163  19:24  Orbital Command  
  163  19:28  Marauder  
  163  19:30  Marine  
  146  19:32  Medivac  
  146  19:33  Liberator, Marine  
  146  19:35  Widow Mine  
  148  19:39  Marine x2, Marauder  
  148  19:42  SCV x2  
  148  19:44  Widow Mine x2, Marine x2  
  162  19:46  Ghost  
  162  19:49  Marauder  
  162  19:51  Bunker, Marauder  
  165  19:57  Widow Mine  
  161  20:00  Marauder  
  161  20:06  Widow Mine  
  146  20:12  Marauder  
  146  20:13  Marine  
  131  20:15  Marine x2  
  131  20:16  Marauder  
  131  20:19  Marine  
  120  20:23  SCV x3  
Show
View Real Time Build Order
Export as new Build Order

Elazer Zerg - Winner!

Build Orders: Hatch First 

Get SALT Encoding   

  12  0:00  Drone  
  13  0:12  Overlord  
  13  0:16  Drone  
  14  0:30  Drone x2  
  16  0:47  Hatchery  
  15  0:50  Drone  
  15  0:54  Drone  
  17  0:57  Drone  
  18  1:08  Extractor  
  17  1:12  Spawning Pool  
  17  1:16  Drone  
  17  1:19  Drone  
  18  1:27  Drone  
  19  1:38  Drone  
  20  1:48  Drone  
  21  1:58  Queen  
  21  1:59  Queen  
  21  2:00  Zergling x4  
  27  2:09  Metabolic Boost  
  27  2:10  Overlord  
  27  2:11  Drone  
  28  2:30  Hatchery  
  28  2:31  Drone  
  28  2:33  Drone  
  29  2:38  Drone x2  
  31  2:45  Queen  
  33  2:52  Overlord  
  33  2:53  Drone  
  33  2:54  Drone  
  33  2:57  Drone  
  36  3:10  Drone x4  
  40  3:17  Overlord  
  40  3:19  Drone  
  40  3:22  Drone  
  41  3:27  Queen  
  43  3:35  Queen  
  43  3:40  Drone x5  
  50  3:43  Queen  
  50  3:44  Overlord  
  50  3:47  Drone x3  
  55  3:57  Overlord  
  55  3:58  Drone x2  
  57  4:05  Drone x5  
  62  4:11  Queen  
  62  4:15  Drone, Overlord  
  62  4:16  Drone x3  
  62  4:17  Drone  
  69  4:18  Queen  
  71  4:25  Drone  
  71  4:27  Drone  
  73  4:34  Drone, Lair  
  73  4:35  Overlord  
  73  4:36  Drone x2  
  73  4:38  Drone x2  
  78  4:40  Extractor  
  78  4:41  Roach Warren  
  78  4:42  Zergling x2  
  77  4:49  Zergling x10  
  77  4:50  Spore Crawler  
  77  4:51  Spore Crawler  
  80  4:53  Zergling x2  
  80  4:55  Spore Crawler  
  80  5:00  Queen  
  80  5:01  Overlord  
  86  5:07  Drone x5  
  86  5:09  Extractor  
  86  5:11  Drone x4  
  89  5:14  Overlord x2  
  89  5:16  Extractor  
  89  5:18  Zergling x4, Extractor  
  89  5:19  Zergling x2  
  90  5:33  Drone x5  
  90  5:34  Glial Reconstitution, Overseer, Hatchery  
  90  5:35  Drone x2  
  96  5:46  Overlord  
  96  5:47  Drone x6  
  102  5:50  Evolution Chamber x2  
  102  5:51  Drone x3  
  102  5:56  Hatchery  
  103  5:57  Overlord  
  103  6:03  Overlord  
  103  6:05  Overlord  
  103  6:09  Roach x3, Hatchery  
  108  6:12  Extractor  
  108  6:14  Roach x2  
  108  6:15  Roach  
  113  6:21  Zerg Melee Weapons Level 1, Zerg Ground Armor Level 1, Overlord  
  113  6:28  Roach x5  
  123  6:35  Overlord  
  123  6:36  Baneling Nest  
  123  6:37  Infestation Pit  
  129  6:40  Roach x4  
  129  6:48  Roach x3  
  129  6:51  Overlord x2  
  135  7:01  Ravager x4  
  136  7:02  Drone x8  
  147  7:08  Overseer  
  147  7:13  Drone x5  
  152  7:18  Spore Crawler  
  152  7:22  Hive, Overlord  
  151  7:23  Extractor, Centrifugal Hooks  
  151  7:26  Extractor  
  150  7:30  Zergling x14  
  156  7:51  Drone x5, Hatchery  
  160  7:58  Zergling x14  
  160  7:59  Zergling x20  
  160  8:05  Spore Crawler, Overlord  
  177  8:06  Spore Crawler  
  174  8:15  Zergling x2  
  174  8:16  Zergling x8  
  174  8:17  Baneling x12  
  179  8:22  Zergling x22  
  190  8:28  Overlord  
  190  8:30  Baneling  
  190  8:31  Baneling x4  
  190  8:32  Zerg Melee Weapons Level 2, Zerg Ground Armor Level 2  
  190  8:33  Adrenal Glands  
  190  8:37  Spore Crawler  
  190  8:38  Drone x6, Spore Crawler  
  190  8:39  Viper, Spore Crawler  
  196  8:43  Burrow  
  195  8:48  Overseer x2  
  195  8:49  Pneumatized Carapace  
  195  8:51  Baneling x16  
  194  8:57  Zergling x14  
  191  9:03  Drone x4  
  192  9:20  Zergling x2  
  192  9:21  Zergling x12  
  192  9:22  Baneling Nest  
  198  9:26  Overlord  
  197  9:34  Ultralisk Cavern  
  193  9:39  Spore Crawler, Baneling x10  
  190  9:47  Zergling x4  
  190  9:48  Zergling x12  
  174  10:04  Zergling x52  
  190  10:11  Queen  
  190  10:12  Drone x2  
  188  10:21  Drone  
  188  10:22  Drone x6  
  188  10:26  Chitinous Plating  
  193  10:40  Overlord  
  192  10:47  Drone x5  
  190  10:50  Zergling x20  
  198  10:58  Hatchery  
  198  11:00  Baneling x6  
  195  11:09  Drone x5  
  199  11:16  Zerg Melee Weapons Level 3  
  199  11:18  Zerg Ground Armor Level 3  
  185  11:21  Ultralisk  
  185  11:22  Ultralisk x2  
  185  11:23  Overseer  
  185  11:24  Overseer  
  198  11:27  Zergling x4  
  192  11:47  Zergling x16  
  197  11:53  Overseer  
  199  11:56  Baneling x16  
  199  12:07  Baneling x7  
  199  12:08  Baneling  
  196  12:24  Zergling x2  
  196  12:25  Zergling x22  
  192  12:42  Zergling x2  
  192  12:43  Zergling x26  
  172  12:54  Ultralisk x5  
  188  13:01  Zergling x16, Baneling x2  
  188  13:02  Zergling x8  
  199  13:08  Baneling x14  
  199  13:11  Baneling x26  
  189  13:31  Ultralisk  
  189  13:32  Zergling x10  
  187  14:04  Zergling x2  
  187  14:05  Zergling x42  
  195  14:22  Zergling x10  
  195  14:23  Hatchery  
  198  14:24  Baneling x21  
  198  14:25  Baneling x2  
  198  14:27  Zerg Missile Weapons Level 1  
  198  14:31  Hydralisk Den  
  198  14:34  Baneling x20  
  193  14:53  Zergling x12  
  186  15:17  Zergling x46  
  186  15:20  Viper  
  191  15:29  Viper  
  191  15:35  Zergling x10  
  198  15:44  Baneling x42  
  198  15:45  Grooved Spines  
  195  15:58  Spore Crawler  
  195  15:59  Zergling x14, Spore Crawler  
  197  16:09  Zergling x22  
  199  16:17  Drone  
  199  16:18  Drone x3  
  199  16:35  Muscular Augments  
  181  16:59  Zergling x36  
  180  17:14  Ultralisk x2  
  188  17:17  Zergling x10  
  188  17:19  Ravager x3  
  196  17:27  Extractor x2  
  196  17:29  Spore Crawler x2  
  190  17:33  Hydralisk x4  
  195  17:37  Overlord  
  195  17:38  Baneling x21  
  193  17:55  Drone x2, Overlord  
  193  18:09  Overseer  
  189  18:39  Drone  
  189  18:40  Drone x10  
  200  18:41  Zergling x2  
  188  19:00  Zergling x8, Ultralisk x2  
  199  19:03  Baneling x10  
  199  19:12  Baneling x4  
  199  19:13  Zergling x2  
  179  19:25  Zergling x2  
  179  19:26  Zergling x30  
  163  19:37  Ultralisk x5  
  184  19:47  Zergling x6  
  187  19:58  Infestor x5  
  193  20:00  Hatchery  
  185  20:08  Zergling x14  
  182  20:17  Zergling x2  
  182  20:18  Zergling x10  
Tags
 
Add a new tag
Caveats
  • Supply blocks, unpowered buildings, or Contaminate may cause inaccurate times.
  • Supply counts are checked every 10 seconds.